 Dungeon Crawl Stone Soup version 0.30-a0-782-ge64f9170bb (console) character file.

Game seed: 13801164364585138366

1214365 Aria the Intangible (level 24, 166/166 HPs)
             Began as a Felid Summoner on Feb 21, 2023.
             Was an Initiate of Gozag.
             Escaped with the Orb
             ... and 3 runes on Feb 23, 2023!
             The game lasted 11:43:09 (133503 turns).

Aria the Intangible (Felid Summoner)              Turns: 133503, Time: 11:43:09

Health: 166/166    AC: 16    Str: 17    XL:     24   Next: 49%
Magic:  42/44      EV: 31    Int: 19    God:    Gozag
Gold:   3024       SH:  0    Dex: 27    Spells: 7/55 levels left
                                        Lives:  2   Deaths: 5

rFire   + + +      SeeInvis +      - Unarmed
rCold   + . .      Faith    .    (shield unavailable)
rNeg    + + +      Spirit   .    (body armour unavailable)
rPois   +          Reflect  .    (helmet unavailable)
rElec   .          Harm     .    (cloak unavailable)
rCorr   .          Rampage  .    (gloves unavailable)
Will    +++..                    (boots unavailable)
Stlth   +++                      t - amulet "Jeyhawn" {rN+++ Regen+ Str+3}
HPRegen 1.27/turn                H - ring of Uponakhlu {rF+ rC+ Dex+4}
MPRegen 0.29/turn                P - ring of protection from cold

@: dragon-form, flying, bribing [the Dungeon, the Realm of Zot]
A: dragon claw, dragon scales, breathe fire, flying, boosted hp, giant, (claws
1), (fangs 3), see invisible, (speed 1), (shaggy fur 3), (stealthy paws), no
weapons or thrown items, no armour, multi-lived, mutation resistance 1, weak 1
0: Orb of Zot
}: 3/15 runes: serpentine, barnacled, slimy
a: Breathe Fire, End Transformation, Renounce Religion, Potion Petition, Call
Merchant, Bribe Branch


You escaped.
You worshipped Gozag.
Gozag was most pleased with you.
You were a fearsome dragon!
You visited 11 branches of the dungeon, and saw 54 of its levels.
You also visited: Sewer, Gauntlet, Ice Cave and Volcano.

You collected 26933 gold pieces.
You spent 7396 gold pieces at shops.
You paid 16513 gold pieces to Gozag.

Inventory:

Jewellery
 r - an amulet of reflection
 t - the amulet "Jeyhawn" (around neck) {rN+++ Regen+ Str+3}
   (You acquired it on level 11 of the Dungeon)

   [amulet of regeneration]

   Str:       It affects your strength (+3).
   rN:        It renders you almost immune to negative energy.
   Regen:     It increases your rate of health regeneration.
 w - an amulet of magic regeneration
 E - a ring of poison resistance
 F - a +6 ring of dexterity
 H - the ring of Uponakhlu (left foreclaw) {rF+ rC+ Dex+4}
   (You bought it in a shop on level 11 of the Dungeon)

   [ring of protection from fire]

   Dex:       It affects your dexterity (+4).
   rF:        It protects you from fire.
   rC:        It protects you from cold.
 J - the ring of Past Mistakes {rElec rC- rCorr Slay+3 SInv}
   (You found it on level 3 of the Depths)

   [ring of resist corrosion]

   Slay:      It affects your accuracy & damage with ranged weapons and melee
   (+3).
   rC:        It makes you vulnerable to cold.
   rElec:     It insulates you from electricity.
   SInv:      It lets you see invisible.
   rCorr:     It protects you from acid and corrosion.
 L - the ring "Evvu" {Will- MP+9 AC+4 Str+3 SInv}
   (You found it on level 5 of the Pits of Slime)

   [ring of protection]

   AC:        It affects your AC (+4).
   Str:       It affects your strength (+3).
   MP:        It affects your magic capacity (+9).
   SInv:      It lets you see invisible.
   Will:      It decreases your willpower.
 N - a +6 ring of strength
 P - a ring of protection from cold (right foreclaw)
 Q - the amulet of the Four Winds {rN+ Will+++ Clar}
   (You found it on level 2 of the Elven Halls)

   [amulet of nothing]

   rN:        It protects you from negative energy.
   Clar:      It protects you against confusion.
   Will:      It greatly increases your willpower.
 S - a ring of protection from fire
 V - a ring of the Octopus King {HP+2 AC+2 EV+2 SH+2 SInv}
   (You took it off a naga on level 1 of the Snake Pit)

   [ring of see invisible]

   AC:        It affects your AC (+2).
   EV:        It affects your evasion (+2).
   HP:        It affects your health (+2).
   SInv:      It lets you see invisible.
   SH:        It affects your SH (+2).
 Y - a ring of flight
Wands
 e - a wand of iceblast (19)
 l - a wand of digging (4)
 n - a wand of acid (26)
 q - a wand of polymorph (16)
 x - a wand of flame (55)
 C - a wand of paralysis (36)
Scrolls
 b - 16 scrolls of teleportation
 f - 7 scrolls of vulnerability
 h - 12 scrolls of fog
 j - 2 scrolls of torment
 o - 5 scrolls of amnesia
 p - 10 scrolls of fear
 s - 9 scrolls of immolation
 u - 9 scrolls of blinking
 y - 14 scrolls of poison
 W - 3 scrolls of magic mapping
 X - 2 scrolls of silence
Potions
 a - 11 potions of magic
 c - 11 potions of mutation
 d - 6 potions of might
 g - 10 potions of brilliance
 i - 24 potions of lignification
 k - 16 potions of curing
 m - 8 potions of cancellation
 v - 11 potions of attraction
 z - 4 potions of invisibility
 A - 6 potions of haste
 B - 6 potions of flight
 D - 4 potions of berserk rage
 I - 7 potions of resistance
 O - 4 potions of heal wounds
 U - 7 potions of ambrosia
Miscellaneous
 G - a phial of floods
 K - a box of beasts
 M - a tin of tremorstones (2/2)
 R - a condenser vane
 T - a lightning rod (4/4)
 Z - a phantom mirror


   Skills:
 - Level 14.0 Fighting
 O Level 27 Dodging
 - Level 18.0 Stealth
 - Level 22.0 Unarmed Combat
 - Level 16.0 Spellcasting
 - Level 18.0 Hexes
 - Level 19.0 Summonings
 - Level 18.0 Translocations
 + Level 22.0 Transmutations
 - Level 8.0 Ice Magic


You had 7 spell levels left.
You knew the following spells:

 Your Spells              Type           Power      Damage    Failure   Level
a - Yara's Violent Unrav  Hex/Tmut       37%        3d15      1%          5
b - Summon Mana Viper     Hex/Summ       72%        N/A       1%          5
c - Ozocubu's Armour      Ice            45%        N/A       1%          3
d - Manifold Assault      Tloc           70%        N/A       1%          4
e - Dispersal             Tloc           35%        N/A       1%          6
f - Ensorcelled Hibernat  Hex/Ice        100%       N/A       1%          2
g - Blade Hands           Tmut           39%        N/A       0%          5
h - Passwall              Tmut/Erth      45%        N/A       1%          2
j - Dragon Form           Tmut           39%        N/A       1%          7
k - Summon Hydra          Summ           36%        N/A       1%          7
l - Blink                 Tloc           100%       N/A       0%          2

Your spell library contained the following spells:

 Spells                   Type           Power      Damage    Failure   Level
 Beastly Appendage        Tmut           100%       N/A       0%          1
 Slow                     Hex            100%       N/A       0%          1
 Summon Small Mammal      Summ           100%       N/A       0%          1
 Call Imp                 Summ           73%        N/A       0%          2
 Wereblood                Tmut           78%        N/A       0%          2
 Call Canine Familiar     Summ           73%        N/A       0%          3
 Confusing Touch          Hex            70%        N/A       0%          3
 Gell's Gravitas          Tloc           70%        N/A       0%          3
 Summon Guardian Golem    Hex/Summ       72%        N/A       0%          3
 Freeze                   Ice            100%       1d10      1%          1
 Frozen Ramparts          Ice            90%        1d14      1%          3
 Ignite Poison            Fire/Tmut/Pois 43%        N/A       1%          3
 Inner Flame              Hex/Fire       49%        N/A       1%          3
 Kindle Blastsparks       Fire/Tloc/Air  76%        2d16      1%          3
 Spider Form              Tmut/Pois      55%        N/A       1%          3
 Vhi's Electric Charge    Tloc/Air       98%        N/A       1%          3
 Anguish                  Hex/Necr       24%        N/A       1%          4
 Fulminant Prism          Conj/Hex       24%        3d12      1%          4
 Ice Form                 Ice/Tmut       64%        N/A       1%          4
 Iskenderun's Mystic Bla  Conj/Tloc      49%        2d11      1%          4
 Leda's Liquefaction      Hex/Erth       24%        N/A       1%          4
 Petrify                  Tmut/Erth      55%        N/A       1%          4
 Summon Lightning Spire   Summ/Air       51%        N/A       1%          4
 Irradiate                Conj/Tmut      27%        3d20      1%          5
 Metabolic Englaciation   Hex/Ice        29%        N/A       1%          5
 Summon Forest            Summ/Tloc      35%        N/A       1%          5
 Summon Cactus Giant      Summ           36%        N/A       1%          6
 Enfeeble                 Hex            35%        N/A       1%          7
 Malign Gateway           Summ/Tloc      35%        N/A       1%          7
 Hailstorm                Conj/Ice       30%        3d8       2%          3
 Foxfire                  Conj/Fire      60%        2x1d7     4%          1
 Magic Dart               Conj           60%        1d6       4%          1
 Sandblast                Erth           30%        2d9       4%          1
 Shock                    Conj/Air       60%        1d6       4%          1
 Cigotuvi's Dreadful Rot  Necr/Pois/Air  30%        N/A       6%          2
 Poisonous Vapours        Pois/Air       30%        N/A       6%          2
 Scorch                   Fire           30%        2d6       6%          2
 Searing Ray              Conj           30%        2d5       6%          2
 Static Discharge         Conj/Air       30%        2-4/arc   6%          2
 Sublimation of Blood     Necr           15%        N/A       6%          2
 Statue Form              Tmut/Erth      36%        N/A       7%          6
 Mephitic Cloud           Conj/Pois/Air  15%        N/A       12%         3
 Stone Arrow              Conj/Erth      30%        3d8       12%         3
 Swiftness                Air            15%        N/A       12%         3
 Vampiric Draining        Necr           15%        2d7       12%         3
 Airstrike                Air            7%         2d(2-18)  36%         4
 Dispel Undead            Necr           15%        3d10      36%         4
 Flame Wave               Conj/Fire      15%        2d7       36%         4
 Sticky Flame             Conj/Fire      15%        2d4       36%         4
 Storm Form               Tmut/Air       27%        N/A       36%         7
 Haunt                    Necr/Summ      25%        N/A       56%         7
 Spellforged Servitor     Conj/Summ      25%        N/A       56%         7
 Agony                    Necr           15%        N/A       73%         5
 Arcjolt                  Conj/Air       7%         1d17      73%         5
 Borgnjor's Vile Clutch   Necr/Erth      7%         N/A       73%         5
 Fireball                 Conj/Fire      7%         3d5       73%         5
 Iskenderun's Battlesphe  Conj           15%        2d7       73%         5
 Lee's Rapid Deconstruct  Erth           7%         3d7*      73%         5
 Lightning Bolt           Conj/Air       7%         1d20      73%         5
 Conjure Ball Lightning   Conj/Air       7%         3x3d6     99%         6
 Death Channel            Necr           7%         N/A       99%         6
 Iron Shot                Conj/Erth      7%         9d2       99%         6
 Starburst                Conj/Fire      7%         6d4       99%         6
 Orb of Destruction       Conj           7%         9d6       100%        7
 Summon Horrible Things   Summ           36%        N/A       11%         8
 Disjunction              Tloc           35%        N/A       16%         8
 Necromutation            Tmut/Necr      27%        N/A       96%         8
 Borgnjor's Revivificati  Necr           7%         N/A       100%        8
 Ignition                 Fire           7%         3d5       100%        8
 Infestation              Necr           7%         N/A       100%        8
 Maxwell's Capacitive Co  Air            7%         ∞         100%        8
 Chain Lightning          Conj/Air       7%         3d10      100%        9
 Death's Door             Necr           7%         N/A       100%        9
 Animate Armour           Summ/Erth      Unusable   N/A       N/A         4
 Animate Dead             Necr           Unusable   N/A       N/A         4
 Simulacrum               Ice/Necr       Unusable   N/A       N/A         6

Dungeon Overview and Level Annotations

Branches:
Dungeon (15/15)            Temple (0/1) D:7            Lair (5/5) D:10
 Shoals (4/4) Lair:2        Snake (4/4) Lair:3        Slime (5/5) Lair:4
    Orc (2/2) D:11            Elf (3/3) Orc:2        Vaults (4/5) D:14
  Crypt (3/3) Vaults:3       Tomb (0/3) Crypt:3      Depths (4/4) D:15
    Zot (5/5) Depths:4      Sewer (visited)           IceCv (visited)
Volcano (visited)         Gauntlet (visited)

Altars:
Ashenzari
Cheibriados
Dithmenos
Fedhas
Gozag
Hepliaklqana
Kikubaaqudgha
Nemelex Xobeh
Okawaru
Qazlal
Trog
Uskayaw
Vehumet
Xom
Yredelemnul
Zin
The Shining One
Jiyva
Lugonu

Shops:
D:10 :   D:11 ?==   D:15 ??   Orc:2 !:[=:   Elf:3 [   Shoals:1 *   Snake:3 (
Vaults:1 [   Vaults:2 !   Vaults:3 :*[[   Depths:1 *:   Depths:2 *
Depths:3 =:=

Portals:
Hell: Depths:1 Depths:2 Depths:3 Depths:4
Abyss: D:14 Slime:3 Depths:2 Depths:3
Pandemonium: Depths:2 Depths:4
Ziggurat: Depths:3
Trove: Depths:1 (give 15 scrolls of teleportation)

Annotations:
Slime:2 exclusion: downstairs
Orc:1 exclusion: oklob plant
Crypt:3 2 runed translucent doors, rrossfarrar's ghost, veteran BaFi


Innate Abilities, Weirdness & Mutations

You are a fearsome dragon!
You have a powerful clawing attack.
Your giant scaled body is strong and resiliant, but less evasive.
You can breathe fire.
You are flying.
Your maximum health is greatly increased.
((You have sharp claws.))
((You have razor-sharp teeth.))
You have supernaturally acute eyesight. (SInv)
((You cover ground quickly. (Speed+)))
((Your thick and shaggy fur keeps you warm. (AC +3, rC+)))
((Your paws help you pounce on unaware monsters.))
You are incapable of wielding weapons or throwing items.
You cannot wear armour.
You gain extra lives every three experience levels.
You are somewhat resistant to further mutation.
You are weak. (Str -2)


Message History

Okay, then.
Unknown command.
Unknown command.
You drop a scroll of blinking.
Unknown command.
Unknown command.
u - 9 scrolls of blinking (gained 1)
(D) Dungeon (T) Temple (L) Lair (A) Shoals (P) Snake Pit (M) Slime Pits (O) Orcish Mines (E) Elven Halls (V) Vaults (C) Crypt (W) Tomb (U) Depths (H) Hell (Z) Zot
Where to? (Enter - D:1 @ (x,y), ? - help)
What level of the Dungeon? (default 1, ? - help)
There is a stone staircase leading up here.
You fly upwards.
There is a stone staircase leading down here.
There is a stone staircase leading up here.
You fly upwards.
There is a stone staircase leading down here.
Your transformation is almost over.
(D) Dungeon (T) Temple (L) Lair (A) Shoals (P) Snake Pit (M) Slime Pits (O) Orcish Mines (E) Elven Halls (V) Vaults (C) Crypt (W) Tomb (U) Depths (H) Hell (Z) Zot
Where to? (Enter - D:1 @ (x,y), ? - help)
What level of the Dungeon? (default 1, ? - help)
You see here a +0 club.
HP restored.
Your transformation has ended.
Casting: Dragon Form (dangerous; 1% risk of failure)
Confirm with . or Enter, or press ? or * to list all spells.
You turn into a fearsome dragon!
(D) Dungeon (T) Temple (L) Lair (A) Shoals (P) Snake Pit (M) Slime Pits (O) Orcish Mines (E) Elven Halls (V) Vaults (C) Crypt (W) Tomb (U) Depths (H) Hell (Z) Zot
Where to? (Enter - D:1 @ (x,y), ? - help)
What level of the Dungeon? (default 1, ? - help)
There is a staircase leading out of the dungeon here.
You have escaped!

##### #.# #.......# ##..##
....########.###.......# #..>#
........^.....#####.##.# #.#.##
....########.#.###.###.# #.#..##
..........#####.#.## #.# #.##...
....#####..## ##.## ##.# #.####.
...)....#.#.###.#.###.## #.# ##
...†.##.#.##.#.#.#.#.## #.#
.#.#.##.#.###.#.D.#.## #.#
.#.#..#.#.##.#.#.#.#.## #.#
....###.#.#.###.#.###.### #.#
........#..## ##.## ##..# #.#
....#####.#####.#.## ##.# #.#####
............##.###.####.###......
....#######...## ##.##.......####
....# ##### #..........# # ....#
####......)####


There were no monsters in sight!

Vanquished Creatures
  the Royal Jelly (Slime:5)
  2 orbs of fire
  An ancient lich (Depths:2)
  The ghost of Cyqimiab the Merfolkian Porcupine, a legendary MfGl of Ru (Zot:4)
  Sojobo (Vaults:3)
  Parghit (Zot:1)
  A Killer Klown (Zot:5)
  Bai Suzhen (Shoals:4)
  Saint Roka (Snake:4)
  5 curse toes
  2 profane servitors
  The ghost of Caat Rau the Warrior, an adept DgCj (Depths:2)
  A bone dragon (Depths:1)
  11 golden dragons
  The ghost of Soammui the Slayer, an adept MiBe of Trog (Elf:3)
  A hellephant (D:11)
  2 electric golems (Zot:2)
  An iron giant (Depths:2)
  7 tentacled monstrosities
  Mlioglotl (Lair:2)
  12 Orb Guardians (Zot:5)
  Zenata (Vaults:3)
  9 liches
  A deep elf master archer (Elf:3)
  3 deep elf blademasters
  7 quicksilver dragons
  Polyphemus (Shoals:4)
  2 titans (Vaults:4)
  4 sphinxes
  14 acid blobs
  Gastronok (Lair:2)
  11 ancient champions
  9 storm dragons
  3 death cobs
  7 tengu reavers
  11 shadow dragons
  2 draconian monks
  2 nagarajas (Snake:4)
  8 azure jellies
  Ilsuiw (Shoals:4)
  A demonspawn warmonger (Depths:2)
  7 fire giants
  8 frost giants
  4 revenants
  16 rockslimes
  3 deep elf sorcerers
  3 iron dragons
  2 draconian knights
  6 vault wardens
  A caustic shrike zombie (Crypt:3)
  4 draconian shifters
  3 deep elf elementalists (Elf:3)
  3 curse skulls
  12 ghouls
  2 draconian annihilators
  3 ghost moths
  5 draconian scorchers
  2 draconian stormcallers (Zot:1)
  A cacodemon (D:14)
  A caustic shrike skeleton (Crypt:3)
  3 reapers
  16 quicksilver oozes
  13 ironbound preservers
  12 very ugly things
  A war gargoyle (Vaults:3)
  17 stone giants
  5 ironbound thunderhulks
  10 green draconians
  17 vampire knights
  4 deep elf annihilators
  6 black draconians
  4 yellow draconians
  A minotaur (Gauntlet)
  The ghost of Kapsuk the Devastator, a journeyman DECj of Sif Muna (D:14)
  7 white draconians
  5 deep elf demonologists
  12 dire elephants
  5 purple draconians
  6 spark wasps
  6 red draconians
  6 deep elf death magi
  10 ettins
  5 eidola
  6 merfolk impalers
  A crystal guardian (Vaults:2)
  2 deep elf high priests
  The ghost of Nubia the Covert, a journeyman GnEn (Lair:4)
  9 jiangshi
  8 merfolk javelineers (Shoals:4)
  14 great orbs of eyes
  7 yaktaur captains
  13 fire dragons
  4 rakshasas
  2 peacekeepers
  5 spriggan air magi
  A salamander tyrant (Snake:4)
  2 hell beasts (Depths:1)
  2 merfolk avatars (Shoals:4)
  2 catoblepae
  8 ice dragons
  A spriggan skeleton (Crypt:1)
  4 hydras
  4 boulder beetles
  2 ogre magi
  5 ironbound frosthearts
  6 anacondas
  10 vault guards
  5 death knights
  5 death yaks
  9 vampire magi
  5 naga warriors
  6 satyrs
  3 merfolk aquamancers
  A two-headed ogre (Volcano)
  30 dancing weapons
  An alligator snapping turtle (Shoals:4)
  16 centaur warriors
  4 deep troll earth magi
  3 tengu warriors
  12 deep troll shamans
  A quicksilver ooze zombie (Crypt:1)
  Urug (Orc:2)
  5 hell knights
  A titan zombie (Crypt:2)
  5 shock serpents
  A soul eater (Crypt:1)
  4 naga sharpshooters
  Sonja (Lair:2)
  Nergalle (Orc:2)
  5 spriggan berserkers
  8 iron trolls
  17 deep elf knights
  3 fire crabs
  32 skeletal warriors
  10 sea snakes
  2 shadow wraiths
  5 salamander mystics
  10 skysharks
  An iron giant zombie (Crypt:2)
  8 flayed ghosts
  A bunyip zombie (Crypt:2)
  61 deep trolls
  5 glowing orange brains
  An anaconda zombie (Crypt:3)
  An orange crystal statue (Elf:2)
  A spriggan simulacrum (IceCv)
  9 deep elf archers
  14 ironbound convokers
  8 lindwurms
  13 phantasmal warriors
  9 wizards
  4 bog bodies
  5 naga ritualists (Snake:4)
  2 obsidian statues
  An anaconda skeleton (Crypt:3)
  A sphinx zombie (Depths:2)
  14 harpies
  2 orc knights
  24 deep elf zephyrmancers
  31 deep elf pyromancers
  14 necromancers
  5 orc sorcerers (Orc:2)
  A steelbarb worm (shapeshifter) (Elf:3)
  5 shining eyes
  2 mana vipers
  A frost giant zombie (Depths:2)
  A salamander (shapeshifter) (D:9)
  14 fauns
  32 ugly things
  16 moths of wrath
  A sphinx skeleton (Crypt:1)
  9 cyclopes
  A fire giant skeleton (Vaults:2)
  19 salamanders
  15 manticores
  5 guardian serpents
  A frost giant skeleton (Vaults:4)
  19 vault sentinels
  2 merfolk sirens (Shoals:3)
  A naga zombie (Crypt:1)
  2 human skeletons
  A gargoyle (D:12)
  24 black mambas
  3 eyes of devastation
  10 naga magi
  9 water nymphs
  An orange demon (Zot:1)
  A dire elephant skeleton (Crypt:2)
  9 cane toads
  A green draconian zombie (Crypt:1)
  2 unseen horrors (shapeshifter) (D:15)
  A hellion (D:14)
  2 rime drakes
  5 komodo dragons
  A human zombie (Vaults:4)
  A kobold demonologist (D:11)
  2 unseen horrors
  28 yaktaurs
  A spark wasp simulacrum (Depths:2)
  10 freezing wraiths
  A catoblepas skeleton (Crypt:1)
  An anaconda simulacrum (IceCv)
  A red draconian skeleton (Crypt:2)
  A guardian mummy (Crypt:3)
  A yaktaur skeleton (Vaults:2)
  4 tengu conjurers
  A troll (Orc:1)
  A harpy zombie (Crypt:2)
  A hydra zombie (Crypt:1)
  A pale draconian skeleton (Crypt:2)
  21 merfolk
  2 polar bears (Lair:5)
  A queen bee (shapeshifter) (D:13)
  A meliai (shapeshifter) (Vaults:4)
  A minotaur skeleton (Crypt:1)
  7 wind drakes
  5 hornets
  11 dream sheep
  9 blink frogs
  A dream sheep (shapeshifter) (Depths:1)
  An ettin zombie (Crypt:2)
  A harpy skeleton (Crypt:1)
  4 human simulacra (Vaults:4)
  89 slime creatures
  A spriggan zombie (Depths:2)
  A frost giant simulacrum (Vaults:4)
  8 snapping turtles
  3 vampires
  7 wraiths
  11 spriggans
  4 wyverns
  3 nameless horrors
  26 yaks
  3 basilisks
  6 fire bats
  2 humans (D:14)
  7 golden eyes
  21 water elementals
  2 elf zombies (Vaults:4)
  A wind drake skeleton (Crypt:3)
  A fire elemental (Lair:5)
  A neqoxec (D:9)
  A steam dragon (D:7)
  3 small abominations (Gauntlet)
  A vampire mosquito (D:13)
  A harpy simulacrum (IceCv)
  2 water nymph zombies
  A glowing shapeshifter zombie (Depths:2)
  5 wargs
  38 nagas
  3 acid dragons
  A hydra simulacrum (IceCv)
  A naga skeleton (Crypt:3)
  9 water moccasins
  A two-headed ogre skeleton (Crypt:2)
  2 floating eyes
  A swamp dragon zombie (Crypt:3)
  7 orc warriors
  2 black bears
  An alligator simulacrum (IceCv)
  A sky beast (D:8)
  3 ogres (Orc:1)
  2 boggarts (Elf:1)
  16 centaurs
  A snapping turtle skeleton (Crypt:3)
  14 wolves
  A blink frog skeleton (Crypt:2)
  A yaktaur zombie (Crypt:3)
  4 kobold brigands
  5 bullfrogs
  3 scorpions
  A cyclops zombie (Crypt:3)
  2 necrophages (Crypt:2)
  3 earth elementals
  A warg zombie (Crypt:3)
  5 killer bees
  A troll zombie (Crypt:1)
  A polar bear skeleton (Crypt:2)
  6 electric eels
  A howler monkey (D:9)
  A howler monkey (shapeshifter) (D:9)
  A lava snake (Lair:5)
  2 hounds
  A gnoll bouda (D:3)
  4 orc priests
  A jelly (D:4)
  A black bear skeleton (Crypt:2)
  3 iguanas
  21 orc wizards
  A hell rat (Lair:3)
  A tengu zombie (Crypt:1)
  12 mummies (Crypt:3)
  An adder (shapeshifter) (Vaults:4)
  A gnoll (D:9)
  An adder (D:3)
  A river rat (shapeshifter) (Vaults:4)
  31 orcs
  3 bats
  A bat zombie (Crypt:1)
  4 goblins
  2 hobgoblins
  A jackal (Sewer)
  8 kobolds
  4 quokkas
  4 ball pythons
  A hobgoblin zombie (Crypt:1)
  3 rats
  A lurking horror (Slime:3)
1779 creatures vanquished.

Vanquished Creatures (collateral kills)
  Mara (Vaults:4)
  Nikola (Shoals:1)
  A bone dragon (Depths:4)
  A deep elf master archer (Elf:3)
  2 acid blobs (Slime:2)
  An ancient champion (Crypt:3)
  Roxanne (Elf:3)
  A frost giant (Depths:2)
  A fire giant (D:15)
  A draconian shifter (Zot:4)
  2 nagarajas
  Aizul (Snake:2)
  3 vault wardens (Vaults:1)
  Louise (Shoals:4)
  A reaper (IceCv)
  A stone giant (Depths:2)
  A very ugly thing (Depths:2)
  3 ironbound thunderhulks
  2 deep elf annihilators
  A dire elephant (Vaults:3)
  A yellow draconian (Zot:3)
  A jiangshi (Crypt:3)
  2 deep elf death magi
  A vault guard (Vaults:1)
  2 great orbs of eyes
  Erolcha (Orc:2)
  An ironbound frostheart (Vaults:3)
  2 hydras
  2 salamander tyrants (Snake:4)
  A merfolk aquamancer (Shoals:4)
  An anaconda (Snake:2)
  The ghost of Oto Noa the Cleaver, a novice MiBe of Trog (D:9)
  A merfolk avatar (Shoals:3)
  12 dancing weapons
  3 two-headed ogres (Orc:2)
  A centaur warrior (D:15)
  2 naga sharpshooters
  An orc high priest (Orc:2)
  A shock serpent (Snake:1)
  4 deep elf knights
  Amaemon (Lair:2)
  A salamander mystic (Snake:1)
  A deep troll (Vaults:1)
  A sea snake (shapeshifter) (D:9)
  3 deep elf archers
  A naga ritualist (Snake:3)
  A deep elf pyromancer (Elf:1)
  2 oklob plants (Lair:4)
  2 mana vipers (Snake:4)
  5 deep elf zephyrmancers
  4 orc sorcerers
  The ghost of Assimve the Skirmisher, a novice CeHu of Okawaru (D:6)
  5 ugly things
  11 salamanders
  2 shining eyes (Slime:3)
  2 manticores
  5 cyclopes
  A black mamba (shapeshifter) (D:14)
  5 black mambas
  An eye of devastation (Slime:1)
  A water nymph (Shoals:2)
  An orange demon (Lair:2)
  A torpor snail (Lair:5)
  A kobold demonologist (D:11)
  2 cane toads
  4 freezing wraiths (IceCv)
  3 yaktaurs
  An ice devil (IceCv)
  A tarantella (shapeshifter) (D:9)
  3 merfolk (Shoals:4)
  A polar bear (Lair:5)
  A wind drake (Lair:2)
  A nameless horror (Vaults:2)
  4 blink frogs
  2 hornets (D:8)
  4 dream sheep
  9 slime creatures
  A wyvern (Lair:4)
  A vampire (D:13)
  A shadow (D:9)
  6 yaks
  3 spriggans (Lair:5)
  A fire bat (Gauntlet)
  A human (D:14)
  A fire elemental (Elf:3)
  5 golden eyes (Slime:1)
  3 steam dragons
  A vampire mosquito (D:13)
  2 minotaur simulacra (IceCv)
  2 wargs
  12 nagas
  5 water moccasins
  2 acid dragons
  A hell hound (Volcano)
  7 orc warriors
  A sky beast (D:7)
  2 black bears
  An ice beast (D:5)
  4 boggarts (Lair:5)
  4 wolves (Lair:5)
  An ogre (Orc:2)
  A small abomination (Gauntlet)
  6 centaurs
  3 lemures (D:9)
  4 bullfrogs
  A deep troll simulacrum (IceCv)
  2 gnoll sergeants
  2 scorpions
  A wight (D:5)
  Dowan (D:5)
  5 killer bees
  A lindwurm simulacrum (IceCv)
  2 electric eels (D:10)
  6 howler monkeys
  2 lava snakes (Snake:2)
  8 orc priests
  5 hounds
  3 iguanas
  22 orc wizards
  6 adders
  9 gnolls
  A river rat (Sewer)
  2 ufetubi (D:4)
  A worm (D:2)
  3 dart slugs
  47 orcs
  10 ball pythons
  2 endoplasms
  2 giant cockroaches (D:2)
  5 goblins
  A hobgoblin (D:1)
  10 jackals
  12 kobolds
  A quokka (D:2)
  2 bats (D:2)
  4 frilled lizards
  5 rats
429 creatures vanquished.

Vanquished Creatures (others)
  A Killer Klown (Zot:5)
  An electric golem (Zot:5)
  8 Orb Guardians (Zot:5)
  An acid blob (Slime:1)
  A stone giant (Lair:2)
  A red draconian (Depths:4)
  A great orb of eyes (Slime:3)
  A vault guard (D:14)
  2 hydras
  A catoblepas (Lair:5)
  An anaconda (Snake:3)
  3 centaur warriors (D:15)
  4 two-headed ogres
  A naga warrior (Snake:4)
  2 tengu warriors (D:14)
  A shock serpent (Snake:4)
  3 death yaks (Lair:3)
  A naga sharpshooter (Snake:4)
  2 deep elf knights (Elf:1)
  A skeletal warrior (D:11)
  A bog body (IceCv)
  A naga ritualist (Snake:4)
  Pikel (D:9)
  A deep elf zephyrmancer (Elf:3)
  A deep elf archer (Elf:1)
  2 spriggan simulacra (IceCv)
  An orc sorcerer (Orc:2)
  4 ugly things
  A wizard (D:8)
  2 manticores
  2 oklob plants (Lair:4)
  3 gargoyles
  2 naga magi
  A black mamba (Lair:3)
  A cane toad (Lair:1)
  A komodo dragon (D:11)
  2 freezing wraiths (IceCv)
  2 ice devils (IceCv)
  A polar bear (D:10)
  2 hornets
  A dream sheep (Lair:5)
  2 slime creatures (Slime:3)
  A shadow (D:6)
  2 spriggans (Lair:5)
  9 yaks
  7 humans (D:14)
  4 vampire mosquitoes
  A minotaur simulacrum (IceCv)
  A harpy simulacrum (IceCv)
  3 nagas
  A small abomination (Gauntlet)
  Duvessa (D:5)
  4 orc warriors
  2 wolves (Lair:3)
  2 centaurs
  A kobold brigand (D:7)
  A bullfrog (Lair:1)
  3 deep troll simulacra (IceCv)
  A gnoll sergeant (D:9)
  5 wights
  4 killer bees
  An electric eel (D:10)
  2 orc priests (Orc:2)
  4 hell rats (Lair:3)
  5 orc wizards
  An adder (D:6)
  2 gnolls (D:9)
  A white imp (D:6)
  6 orcs
  A kobold (D:7)
  5 bushes
  36 fungi
  209 plants
  4 tentacles (Shoals:3)
402 creatures vanquished.

Grand Total: 2610 creatures vanquished

Notes
Turn   | Place    | Note
-------+----------+-------------------------------------------
     0 | D:1      | Aria the Felid Summoner began the quest for the Orb.
     0 | D:1      | Reached XP level 1. HP: 7/7 MP: 4/4
    55 | D:1      | Reached skill level 3 in Dodging
    97 | D:1      | Reached skill level 1 in Unarmed Combat
    97 | D:1      | Reached XP level 2. HP: 11/11 MP: 3/6
   749 | D:1      | Reached skill level 1 in Fighting
   791 | D:1      | Learned a level 2 spell: Call Imp
  1051 | D:2      | Reached XP level 3. HP: 15/15 MP: 7/7
  1161 | D:2      | Found a hide-covered altar of Uskayaw.
  2728 | D:3      | Reached XP level 4. HP: 19/19 MP: 3/8
  2838 | D:3      | Reached skill level 4 in Dodging
  3472 | D:3      | Reached skill level 5 in Dodging
  3681 | D:3      | Reached XP level 5. HP: 22/22 MP: 4/9
  3841 | D:4      | Reached skill level 1 in Ice Magic
  4142 | D:4      | Found a shadowy altar of Dithmenos.
  4198 | D:4      | Learned a level 3 spell: Ozocubu's Armour
  4212 | D:4      | Found an opulent altar of Gozag.
  4217 | D:4      | Became a worshipper of Gozag Ym Sagoz the Greedy
  4531 | D:4      | Reached skill level 5 in Stealth
  4531 | D:4      | Gained mutation: You are covered in thick fur. (AC +2)
                  | [Felid growth]
  4531 | D:4      | Reached XP level 6. HP: 15/26 MP: 6/10
  5270 | D:4      | Found a glowing golden altar of the Shining One.
  5854 | D:5      | Entered Level 5 of the Dungeon
  6257 | D:5      | Found a stormy altar of Qazlal.
  6504 | D:5      | Reached XP level 7. HP: 28/31 MP: 9/11
  6551 | D:5      | Found a glowing drain.
  6587 | Sewer    | Entered a sewer
  6653 | Sewer    | Reached skill level 5 in Summonings
  7712 | D:5      | Noticed Dowan
  7801 | D:5      | Learned a level 3 spell: Call Canine Familiar
  7805 | D:5      | Learned a level 3 spell: Summon Guardian Golem
  7846 | D:5      | Reached skill level 1 in Hexes
  8002 | D:4      | Found a shimmering altar of Xom.
  8498 | D:5      | Found a glowing silver altar of Zin.
  8545 | D:5      | Noticed a steam dragon
  8697 | D:5      | Killed a steam dragon
  8698 | D:5      | Reached skill level 5 in Hexes
  8698 | D:5      | Reached XP level 8. HP: 27/34 MP: 0/13
  9244 | D:5      | Noticed Duvessa
  9390 | D:5      | Killed Dowan
  9449 | D:5      | Killed Duvessa
 10102 | D:6      | Found a snail-covered altar of Cheibriados.
 10302 | D:6      | Noticed Assimve's ghost (novice CeHu)
 10303 | D:6      | Found a transporter.
 10306 | D:6      | Found a transporter.
 10328 | D:6      | Reached skill level 6 in Dodging
 10700 | D:6      | Reached skill level 7 in Dodging
 10700 | D:6      | Reached XP level 9. HP: 14/37 MP: 5/16
 11812 | D:7      | Found a hide-covered altar of Uskayaw.
 12469 | D:7      | Found a staircase to the Ecumenical Temple.
 12513 | D:7      | Identified the +0 leather armour of the Saviour {+Blink
                  | Dex+2}
 12658 | D:7      | Found a broken altar of Ashenzari.
 13388 | D:7      | Reached XP level 10. HP: 42/42 MP: 9/17
 13805 | D:8      | Reached skill level 10 in Summonings
 13993 | D:8      | Found a bloodstained altar of Trog.
 14020 | D:8      | Found a sparkling altar of Nemelex Xobeh.
 14073 | D:8      | HP: 1/42 [hornet (15)]
 14303 | D:8      | Reached skill level 5 in Unarmed Combat
 14826 | D:8      | Noticed a wizard
 14833 | D:8      | Killed a wizard
 14954 | D:9      | Noticed Pikel
 14963 | D:9      | Noticed a gargoyle
 15072 | D:9      | Reached skill level 8 in Dodging
 15119 | D:9      | Reached skill level 9 in Dodging
 15310 | D:9      | Noticed a two-headed ogre
 15403 | D:9      | Found a runed translucent gate.
 15404 | D:9      | Found a runed translucent gate.
 15404 | D:9      | Noticed a green ugly thing
 15412 | D:9      | Found a runed translucent gate.
 16120 | D:9      | Killed Pikel
 16121 | D:9      | Reached skill level 10 in Dodging
 16136 | D:9      | Reached skill level 11 in Dodging
 16446 | D:9      | Killed a two-headed ogre
 16527 | D:9      | Noticed a cyan ugly thing
 16527 | D:9      | Noticed a purple ugly thing
 16530 | D:9      | Noticed a green ugly thing
 16531 | D:9      | Noticed a moth of wrath
 16532 | D:9      | a moth of wrath changed into a guardian serpent
 16532 | D:9      | Noticed a guardian serpent (glowing shapeshifter)
 16533 | D:9      | a guardian serpent changed into a black mamba
 16533 | D:9      | Noticed a black mamba (glowing shapeshifter)
 16677 | D:9      | Killed a gargoyle
 16678 | D:9      | Reached XP level 11. HP: 45/45 MP: 8/18
 16788 | D:9      | a dream sheep changed into a shock serpent
 16788 | D:9      | Noticed a shock serpent (glowing shapeshifter)
 16991 | D:9      | Noticed a skyshark
 16993 | D:9      | a skyshark changed into a snapping turtle
 16997 | D:9      | a snapping turtle changed into a mana viper
 16997 | D:9      | Noticed a mana viper (glowing shapeshifter)
 16998 | D:9      | a mana viper changed into a skyshark
 16998 | D:9      | Noticed a skyshark (glowing shapeshifter)
 17021 | D:10     | Entered Level 10 of the Dungeon
 17082 | D:9      | Reached skill level 12 in Dodging
 17301 | D:10     | Found a staircase to the Lair.
 17862 | D:10     | Reached skill level 13 in Dodging
 18495 | D:10     | Learned a level 2 spell: Ensorcelled Hibernation
 18693 | D:10     | Found a hazy altar of Hepliaklqana.
 19393 | D:10     | Reached skill level 1 in Transmutations
 20073 | D:11     | Noticed a sixfirhy
 20210 | D:11     | Reached skill level 14 in Dodging
 20715 | D:11     | Noticed a two-headed ogre
 20864 | D:11     | Reached skill level 5 in Transmutations
 20907 | D:11     | Killed a two-headed ogre
 21053 | Lair:1   | Entered Level 1 of the Lair of Beasts
 22472 | Lair:1   | Gained mutation: Your thick and shaggy fur keeps you warm.
                  | (AC +3, rC+) [Felid growth]
 22472 | Lair:1   | Reached XP level 12. HP: 45/48 MP: 12/19
 23467 | Lair:2   | Noticed Gastronok
 23467 | Lair:2   | Noticed a four-headed hydra
 23467 | Lair:2   | Slain by a yak
 23468 | Lair:2   | Reached XP level 11. HP: -1/45 MP: 18/18
 23488 | Lair:2   | Noticed Sonja
 23636 | Lair:2   | Noticed Amaemon
 23719 | Lair:2   | Killed a four-headed hydra
 23840 | Lair:2   | Found a staircase to the Shoals.
 23862 | Lair:2   | Reached skill level 5 in Spellcasting
 23869 | Lair:2   | Learned a level 5 spell: Blade Hands
 24121 | Lair:2   | Killed Sonja
 24522 | Lair:2   | Killed Amaemon
 25535 | D:11     | Found a staircase to the Orcish Mines.
 25551 | D:11     | Noticed a boulder beetle
 26099 | D:11     | Killed a boulder beetle
 26392 | Orc:1    | Entered Level 1 of the Orcish Mines
 26396 | Orc:2    | Entered Level 2 of the Orcish Mines
 26396 | Orc:2    | Noticed an orc sorcerer
 26404 | Orc:2    | Killed an orc sorcerer
 26417 | Orc:1    | Noticed an orc knight
 26438 | Orc:2    | Killed an orc knight
 26627 | Orc:1    | Found a dark tunnel.
 26631 | Volcano  | Entered a volcano
 26706 | Volcano  | Reached XP level 12. HP: 18/48 MP: 11/23
 26848 | Volcano  | Noticed a two-headed ogre
 26963 | Volcano  | Killed a two-headed ogre
 27512 | Orc:1    | Learned a level 2 spell: Passwall
 28239 | Orc:2    | Noticed Urug
 28407 | Orc:2    | Killed Urug
 28849 | Orc:2    | Found a staircase to the Elven Halls.
 28849 | Orc:2    | Found Keat's Self-Improvement Boutique.
 28854 | Orc:2    | Noticed an orc high priest
 28968 | Orc:2    | Killed an orc high priest
 28969 | Orc:2    | Reached skill level 10 in Unarmed Combat
 29102 | Orc:2    | Bought a manual of Summonings for 1040 gold pieces
 29102 | Orc:2    | Bought a manual of Dodging for 1040 gold pieces
 29386 | Orc:2    | Noticed a two-headed ogre
 29386 | Orc:2    | Noticed a two-headed ogre
 29401 | Orc:2    | Killed a two-headed ogre
 29402 | Orc:2    | Noticed an ogre mage
 29470 | Orc:2    | Killed a two-headed ogre
 29615 | Orc:2    | Noticed a two-headed ogre
 29616 | Orc:2    | Noticed a two-headed ogre
 29622 | Orc:2    | Noticed a two-headed ogre
 29626 | Orc:2    | Killed a two-headed ogre
 29627 | Orc:2    | Reached skill level 5 in Fighting
 29638 | Orc:2    | Killed a two-headed ogre
 29883 | Orc:2    | Killed a two-headed ogre
 30010 | Orc:2    | Killed an ogre mage
 30011 | Orc:2    | Reached skill level 15 in Dodging
 30342 | Orc:2    | Found Vyneerekh's Jewellery Shop.
 30378 | Orc:2    | Reached skill level 16 in Dodging
 31223 | Orc:2    | Found a radiant altar of Vehumet.
 31360 | Orc:2    | Found Gidich's Antique Armour Shop.
 31810 | Orc:2    | Reached skill level 17 in Dodging
 31865 | Orc:2    | Noticed Nergalle
 32217 | Orc:2    | Found an ancient bone altar of Kikubaaqudgha.
 32658 | Orc:2    | Killed Nergalle
 32659 | Orc:2    | Reached XP level 13. HP: 44/51 MP: 11/24
 32676 | Orc:2    | Reached skill level 18 in Dodging
 32687 | Orc:2    | Noticed Erolcha
 32733 | Orc:2    | Found Qenoc Xumaw's Book Boutique.
 32747 | Orc:2    | Killed Erolcha
 32755 | Orc:2    | Found Qupuimp's Distillery.
 33417 | Orc:2    | Bought an amulet of reflection for 450 gold pieces
 33417 | Orc:2    | Bought a ring of poison resistance for 300 gold pieces
 33840 | Lair:3   | Found a staircase to the Snake Pit.
 33882 | Lair:3   | Reached skill level 19 in Dodging
 34124 | Lair:3   | Reached skill level 20 in Dodging
 35679 | Lair:4   | Found a runed translucent gate.
 35679 | Lair:4   | Found a runed translucent gate.
 35679 | Lair:4   | Found a runed translucent gate.
 36148 | Lair:4   | Found a staircase to the Slime Pits.
 36148 | Lair:4   | Found a viscous altar of Jiyva.
 36335 | Lair:4   | Noticed Nubia's ghost (journeyman GnEn)
 36552 | Lair:4   | Killed Nubia's ghost
 37218 | Lair:5   | Entered Level 5 of the Lair of Beasts
 38033 | Lair:5   | Reached skill level 15 in Summonings
 38381 | Lair:5   | Reached XP level 14. HP: 58/58 MP: 16/25
 40895 | Orc:2    | Bought the Book of Hyperbolic Anathema for 480 gold pieces
 40899 | Orc:2    | Learned a level 3 spell: Inner Flame
 40953 | Orc:2    | Bought a manual of Transmutations for 1040 gold pieces
 41551 | D:12     | Found a gate leading to a gauntlet.
 41610 | Gauntlet | Entered a Gauntlet
 41610 | Gauntlet | Found a transporter.
 41610 | Gauntlet | Found a runed translucent door.
 41651 | Gauntlet | Found a runed translucent door.
 41657 | Gauntlet | Found a transporter.
 41660 | Gauntlet | Found a transporter.
 41661 | Gauntlet | Found a transporter.
 41678 | Gauntlet | Found a transporter.
 41679 | Gauntlet | Found a transporter.
 41687 | Gauntlet | Found a transporter.
 41692 | Gauntlet | Found a transporter.
 41693 | Gauntlet | Found a transporter.
 41699 | Gauntlet | Found a runed translucent gate.
 41701 | Gauntlet | Found a transporter.
 41702 | Gauntlet | Found a runed translucent gate.
 41703 | Gauntlet | Found a runed translucent gate.
 41704 | Gauntlet | Found a transporter.
 41705 | Gauntlet | Found a transporter.
 41714 | Gauntlet | Found a transporter.
 41761 | Gauntlet | Found a transporter.
 42217 | Gauntlet | Reached skill level 10 in Hexes
 42236 | Gauntlet | Got the Omnibus of the Windy Cwm
 42239 | Gauntlet | Got Sif Muna's Compendium of Voltaic Formation
 42757 | D:12     | You fall into a shaft and drop 1 floor!
 43311 | D:12     | Reached skill level 10 in Transmutations
 45537 | D:14     | Found a frozen archway.
 45872 | IceCv    | Entered an ice cave
 45959 | IceCv    | Learned a level 5 spell: Summon Mana Viper
 46004 | IceCv    | Reached XP level 15. HP: 61/61 MP: 13/26
 47249 | IceCv    | Reached skill level 15 in Transmutations
 48341 | D:14     | Found an iron altar of Okawaru.
 48371 | D:14     | Found a one-way gate to the infinite horrors of the Abyss.
 48371 | D:14     | Noticed Kapsuk's ghost (journeyman DECj)
 48380 | D:14     | Noticed a profane servitor
 48399 | D:14     | Found a transporter.
 48491 | D:14     | Found a transporter.
 48604 | D:14     | Found a blossoming altar of Fedhas.
 49080 | D:14     | Found a gate to the Vaults.
 49160 | D:15     | Entered Level 15 of the Dungeon
 49452 | D:15     | Reached skill level 5 in Ice Magic
 50258 | D:15     | Noticed a fire giant
 50371 | D:15     | Found a staircase to the Depths.
 50824 | D:15     | Killed a fire giant
 51787 | D:6      | Killed Assimve's ghost
 52048 | Lair:2   | Killed Gastronok
 52662 | D:11     | Bought a scroll of acquirement for 520 gold pieces
 52662 | D:11     | Bought a scroll of fear for 40 gold pieces
 52662 | D:11     | Bought a scroll of poison for 40 gold pieces
 52663 | D:11     | Acquired the amulet "Jeyhawn" {rN+++ Regen+ Str+3}
 52786 | Shoals:1 | Entered Level 1 of the Shoals
 52786 | Shoals:1 | Noticed Nikola
 52790 | Shoals:1 | Slain by Nikola
 52791 | Shoals:1 | Reached XP level 14. HP: -4/58 MP: 18/25
 52792 | Shoals:1 | Found Jegom's General Store.
 52794 | Shoals:1 | Found Gathrulyi's Specific Store.
 52801 | Shoals:1 | Bought a potion of heal wounds for 50 gold pieces
 52801 | Shoals:1 | Bought a scroll of teleportation for 30 gold pieces
 52801 | Shoals:1 | Bought a lightning rod (4/4) for 300 gold pieces
 52832 | Shoals:1 | Noticed Mlioglotl
 52889 | Shoals:1 | Killed Nikola
 52892 | Shoals:1 | Noticed a stone giant
 52899 | Lair:2   | Mangled by a stone giant
 52900 | Lair:2   | Reached XP level 13. HP: -7/54 MP: 2/24
 52926 | Lair:2   | Killed a stone giant
 53013 | Snake:1  | Entered Level 1 of the Snake Pit
 53043 | Snake:1  | Reached XP level 14. HP: 49/58 MP: 21/25
 53608 | Snake:1  | Found the ring of the Octopus King {HP+2 AC+2 EV+2 SH+2
                  | SInv}
 53815 | Snake:1  | Found a shimmering altar of Xom.
 57655 | Snake:2  | Noticed Aizul
 57691 | Snake:2  | Killed Aizul
 58862 | Snake:3  | Noticed a nagaraja
 58877 | Snake:3  | Killed a nagaraja
 59258 | Snake:3  | Reached skill level 10 in Spellcasting
 59376 | Snake:3  | Found Jyixtih's Weapon Boutique.
 59386 | Snake:3  | Reached XP level 15. HP: 66/66 MP: 19/30
 59399 | Snake:3  | Learned a level 7 spell: Dragon Form
 59504 | Snake:3  | Reached skill level 10 in Stealth
 59632 | Snake:3  | Identified the +1 leather armour of the Weaver {Rampage
                  | *Corrode *Slow rPois}
 60334 | Snake:4  | Entered Level 4 of the Snake Pit
 61121 | Snake:4  | Noticed Saint Roka
 61766 | Snake:4  | Noticed a nagaraja
 61779 | Snake:4  | Killed a nagaraja
 62747 | Snake:4  | Killed Saint Roka
 63104 | Snake:4  | Noticed a nagaraja
 63885 | Snake:4  | Killed a nagaraja
 64360 | Snake:4  | Noticed a nagaraja
 64367 | Snake:4  | Killed a nagaraja
 64522 | Snake:4  | Got a serpentine rune of Zot
 64691 | Snake:4  | Reached XP level 16. HP: 70/70 MP: 26/32
 65655 | Slime:1  | Entered Level 1 of the Pits of Slime
 65843 | Slime:1  | Noticed an acid blob
 65853 | Slime:1  | Killed an acid blob
 67086 | Slime:3  | Noticed an acid blob
 67102 | Slime:2  | Killed an acid blob
 67208 | Slime:3  | Found a corrupted altar of Lugonu.
 67386 | Slime:3  | Noticed an acid blob
 67403 | Slime:3  | Killed an acid blob
 67770 | Slime:3  | Noticed an acid blob
 68103 | Slime:3  | Killed an acid blob
 68331 | Slime:2  | Noticed an acid blob
 68863 | Lair:2   | Killed Mlioglotl
 69548 | Shoals:1 | Reached skill level 15 in Unarmed Combat
 70010 | Shoals:1 | Bought a potion of curing for 48 gold pieces
 70962 | Shoals:2 | Reached XP level 17. HP: 76/76 MP: 29/33
 70974 | Shoals:2 | Reached skill level 10 in Fighting
 72723 | Shoals:3 | Noticed a kraken
 73565 | Shoals:4 | Entered Level 4 of the Shoals
 74340 | Shoals:4 | Noticed Ilsuiw
 74426 | Shoals:4 | Killed Ilsuiw
 74453 | Shoals:4 | Noticed Polyphemus
 74476 | Shoals:4 | Killed Polyphemus
 74506 | Shoals:4 | Noticed Louise
 74540 | Shoals:4 | Noticed Bai Suzhen
 74888 | Elf:1    | Entered Level 1 of the Elven Halls
 76314 | Elf:1    | Learned a level 7 spell: Summon Hydra
 77230 | Elf:2    | Reached XP level 18. HP: 82/82 MP: 37/37
 77857 | Elf:2    | Found the amulet of the Four Winds {rN+ Will+++ Clar}
 78085 | Elf:2    | Found a runed translucent gate.
 78085 | Elf:2    | Found a runed translucent gate.
 78085 | Elf:2    | Found a runed translucent gate.
 81213 | Elf:3    | Entered Level 3 of the Elven Halls
 81387 | Elf:3    | Found a runed translucent door.
 81387 | Elf:3    | Noticed Soammui's ghost (adept MiBe)
 81576 | Elf:3    | Found Soin Zoisu's Antique Armour Boutique.
 81588 | Elf:3    | Identified Roxanne's Precepts of the Fjord
 81588 | Elf:3    | Noticed Roxanne
 82763 | Elf:3    | Identified the +6 lajatang of Purpose {venom, rF+ SInv}
 82798 | Elf:3    | Identified the +9 spear of the Chewing Shark {protect,
                  | Str+3 SInv}
 82806 | Elf:3    | Identified the +1 leather armour of Free Will {rC++ Will+
                  | Dex-2 Stlth+}
 83082 | Elf:3    | Identified the +8 chain mail of Ryocujik {Str+2 Int+4
                  | Dex+3}
 83416 | Elf:3    | Shot with an arrow by a deep elf master archer
 83417 | Elf:3    | Reached XP level 17. HP: -9/120 MP: 14/36
 83433 | Elf:3    | Noticed a deep elf master archer
 83454 | Elf:3    | Killed a deep elf master archer
 83906 | Elf:3    | Reached XP level 18. HP: 82/82 MP: 27/37
 83958 | Elf:3    | Learned a level 2 spell: Blink
 84690 | Elf:3    | Killed Soammui's ghost
 84888 | Elf:3    | Killed Roxanne
 85142 | D:11     | Bought the ring of Uponakhlu {rF+ rC+ Dex+4} for 900 gold
                  | pieces
 85722 | Shoals:4 | Killed Bai Suzhen
 85723 | Shoals:4 | Reached skill level 5 in Translocations
 85971 | Shoals:4 | Killed Louise
 86239 | Shoals:4 | Learned a level 4 spell: Manifold Assault
 86581 | Shoals:4 | Got a barnacled rune of Zot
 87573 | Shoals:4 | Reached skill level 10 in Translocations
 90004 | Slime:3  | Gained mutation: You occasionally shout uncontrollably at
                  | your foes. [a shining eye]
 90580 | Slime:5  | Entered Level 5 of the Pits of Slime
 91665 | Slime:5  | Found a viscous altar of Jiyva.
 91689 | Slime:5  | Noticed the Royal Jelly
 91803 | Slime:5  | Killed the Royal Jelly
 91804 | Slime:5  | Reached XP level 19. HP: 30/90 MP: 7/38
 92523 | Slime:5  | Got a slimy rune of Zot
 92548 | Slime:5  | Identified the ring "Evvu" {Will- MP+9 AC+4 Str+3 SInv}
 92563 | Slime:5  | Identified the +2 leather armour of the Orange Skies {rC+
                  | Stlth+}
 92568 | Slime:5  | Identified the +4 dagger "Ufrasme" {pain, rF+}
 92576 | Slime:5  | Identified the +0 hand axe of the Hero {freeze, rPois rN+
                  | Stlth-}
 92829 | Slime:5  | Identified the +1 pair of boots of the Little Devil {Harm
                  | Int+3}
 92866 | Slime:5  | Identified the +5 falchion of Gozob {flame, Str+3}
 93443 | D:9      | Found a runed translucent gate.
 93443 | D:9      | Found a runed translucent gate.
 93450 | D:9      | Found a runed translucent gate.
 93580 | D:9      | Noticed Oto Noa's ghost (novice MiBe)
 93606 | D:9      | Killed Oto Noa's ghost
 93920 | D:9      | Lost mutation: You occasionally shout uncontrollably at
                  | your foes. [potion of mutation]
 93920 | D:9      | Gained mutation: You are somewhat resistant to further
                  | mutation. [potion of mutation]
 94134 | Vaults:1 | Entered Level 1 of the Vaults
 94350 | Vaults:1 | Found Meubro's Antique Armour Shop.
 96421 | Vaults:1 | Reached skill level 15 in Translocations
 97442 | Vaults:2 | You are sucked into a shaft and drop 2 floors!
 97481 | Vaults:4 | Noticed Mara
 97494 | Vaults:4 | Killed Mara
 98307 | Vaults:2 | Reached XP level 20. HP: 95/95 MP: 30/39
 99201 | Vaults:2 | Reached skill level 15 in Hexes
100066 | Vaults:2 | Found Miqetul's Distillery.
100075 | Vaults:2 | Bought a potion of berserk rage for 70 gold pieces
100075 | Vaults:2 | Bought a potion of might for 56 gold pieces
100075 | Vaults:2 | Bought a potion of magic for 112 gold pieces
100075 | Vaults:2 | Bought a potion of curing for 42 gold pieces
100075 | Vaults:2 | Bought a potion of curing for 42 gold pieces
100860 | Vaults:3 | Found Wyruzaeg's Antique Armour Shop.
100884 | Vaults:3 | Found Axtibylu's Book Boutique.
101494 | Vaults:3 | Noticed Zenata
101674 | Vaults:3 | Found a staircase to the Crypt.
101674 | Vaults:3 | Found an ancient bone altar of Kikubaaqudgha.
101675 | Vaults:3 | Found a basalt altar of Yredelemnul.
102022 | Vaults:3 | Killed from afar by an ironbound thunderhulk
102023 | Vaults:3 | Reached XP level 19. HP: -9/133 MP: 2/38
102070 | Vaults:3 | Found Ufaw's Antique Armour Emporium.
102074 | Vaults:3 | Found Qazesmis's General Store.
102074 | Vaults:3 | Noticed Sojobo
102264 | Vaults:3 | Killed Zenata
102907 | Vaults:3 | Killed Sojobo
103007 | Vaults:3 | Bought a potion of resistance for 160 gold pieces
103137 | Vaults:3 | Found Wyruzaeg's Antique Armour Shop.
103143 | Vaults:3 | Found Axtibylu's Book Boutique.
103268 | Vaults:3 | Found Qazesmis's General Store.
103268 | Vaults:3 | Found Ufaw's Antique Armour Emporium.
103835 | Vaults:3 | Found a staircase to the Crypt.
103835 | Vaults:3 | Found an ancient bone altar of Kikubaaqudgha.
103836 | Vaults:3 | Found a basalt altar of Yredelemnul.
104907 | Vaults:4 | Reached XP level 20. HP: 95/95 MP: 21/39
106364 | Crypt:1  | Entered Level 1 of the Crypt
106867 | Crypt:1  | Reached skill level 15 in Stealth
107162 | Crypt:1  | Identified the +2 trident of the Lame Duck {heavy, *Corrode
                  | rElec rPois Will+}
107422 | Crypt:1  | You fall into a shaft and drop 1 floor!
109457 | Crypt:3  | Entered Level 3 of the Crypt
110928 | Crypt:3  | Reached XP level 21. HP: 99/99 MP: 16/40
111225 | Crypt:3  | Found a staircase to the Tomb.
111858 | Crypt:3  | Noticed a profane servitor
111871 | Crypt:3  | Killed a profane servitor
112010 | Crypt:3  | Noticed a curse toe
112018 | Crypt:3  | Killed a curse toe
112070 | Crypt:3  | Found a basalt altar of Yredelemnul.
112075 | Crypt:3  | Found an ancient bone altar of Kikubaaqudgha.
112095 | Crypt:3  | Got the Atlas of Exhumation
112120 | Crypt:3  | Identified the ring of the Telling King {rElec rC- rN+
                  | Dex+2}
112526 | Crypt:3  | Found a large runed translucent door.
112527 | Crypt:3  | Found a large runed translucent door.
112528 | Crypt:3  | Noticed rrossfarrar's ghost (veteran BaFi)
113596 | D:14     | Killed Kapsuk's ghost
113597 | D:14     | Killed a profane servitor
113621 | D:14     | Identified the ring "Puamim" {Wiz rPois Str-5 Dex+4}
113802 | D:14     | Learned a level 6 spell: Dispersal
113886 | D:15     | Bought a scroll of amnesia for 52 gold pieces
113888 | D:15     | Bought a scroll of magic mapping for 120 gold pieces
113888 | D:15     | Bought 2 scrolls of amnesia for 128 gold pieces
113888 | D:15     | Bought a scroll of blinking for 120 gold pieces
113888 | D:15     | Bought a scroll of fog for 64 gold pieces
113888 | D:15     | Bought a scroll of silence for 152 gold pieces
113899 | D:15     | Learned a level 5 spell: Yara's Violent Unravelling
113901 | Depths:1 | Entered Level 1 of the Depths
114353 | Depths:1 | Found a shimmering altar of Xom.
114680 | Depths:1 | Found Aroirgh's Mass Market.
114964 | Depths:1 | Found a portal to a secret trove of treasure.
115271 | Depths:1 | Found a gateway to Hell.
115392 | Depths:1 | Found Poxzos's Tremendous Tomes.
115664 | Depths:2 | Found a one-way gate leading to the halls of Pandemonium.
116037 | Depths:2 | Found a transporter.
116043 | Depths:2 | Noticed Caat Rau's ghost (adept DgCj)
116044 | Depths:2 | Found a transporter.
116044 | Depths:2 | Identified the +0 great mace "Giantslayer" {heavy, rF++
                  | Stlth+}
116047 | Depths:2 | Identified the +3 great mace "Beyptyat" {spect, *Slow rCorr
                  | Int+3}
116706 | Depths:2 | Reached XP level 22. HP: 103/103 MP: 37/41
117510 | Depths:2 | Reached skill level 21 in Dodging
117703 | Depths:2 | Got the Vellum of Unholy Magic
118168 | Depths:2 | Found Naclyaly's General Store.
118254 | Depths:2 | Noticed an ancient lich
118274 | Depths:2 | Killed an ancient lich
118773 | Depths:3 | Reached skill level 22 in Dodging
119751 | Depths:3 | Reached skill level 23 in Dodging
120140 | Depths:3 | Found a one-way gateway to a ziggurat.
121075 | Depths:3 | Reached skill level 24 in Dodging
121152 | Depths:3 | Identified the ring of Past Mistakes {rElec rC- rCorr
                  | Slay+3 SInv}
121214 | Depths:3 | Found Qoanig's Jewellery Emporium.
121214 | Depths:3 | Found Butwof's Book Shop.
121215 | Depths:3 | Found Pyaddu's Jewellery Emporium.
121506 | Depths:2 | Killed Caat Rau's ghost
121840 | Depths:2 | Found a one-way gate leading to the halls of Pandemonium.
122063 | Depths:2 | Found Naclyaly's General Store.
122651 | Depths:3 | Identified the +5 bardiche of Nightmares {flame, rPois
                  | Int+2 Dex-4}
123205 | Depths:4 | Entered Level 4 of the Depths
123227 | Depths:4 | Noticed a golden dragon
123235 | Depths:4 | Killed a golden dragon
123236 | Depths:4 | Noticed a golden dragon
123257 | Depths:4 | Killed a golden dragon
123258 | Depths:4 | Reached XP level 23. HP: 106/106 MP: 1/42
123279 | Depths:4 | Reached skill level 25 in Dodging
124015 | Depths:4 | Found a gate to the Realm of Zot.
125152 | Zot:1    | Entered Level 1 of the Realm of Zot
125186 | Zot:1    | Noticed Parghit
125436 | Zot:1    | Reached skill level 26 in Dodging
126052 | Zot:1    | Killed Parghit
126746 | Zot:2    | Noticed a curse toe
126763 | Zot:2    | Killed a curse toe
126815 | Zot:2    | Reached skill level 27 in Dodging
126837 | Zot:2    | You fall into a shaft and drop 2 floors!
126978 | Zot:3    | Identified the +8 dagger of Feral Action {heavy, Int-3
                  | Dex+9 SInv Stlth-}
127627 | Zot:2    | Identified the +3 robe of Rotation {rCorr}
128248 | Zot:3    | Reached skill level 15 in Spellcasting
128486 | Zot:3    | Noticed an orb of fire
128488 | Zot:3    | Noticed a curse toe
128493 | Zot:3    | Gained mutation: You are weak. (Str -2) [an orb of fire]
128497 | Zot:3    | Killed an orb of fire
128501 | Zot:3    | Killed a curse toe
130556 | Zot:4    | Identified the amulet "Liegg" {Fragile rF+ Regen+ Dex+7}
130788 | Zot:4    | Found a runed translucent gate.
130788 | Zot:4    | Found a runed translucent gate.
130788 | Zot:4    | Found a runed translucent gate.
130793 | Zot:4    | Noticed Cyqimiab's ghost (legendary MfGl)
130878 | Zot:4    | Reached XP level 24. HP: 111/111 MP: 38/44
131534 | Zot:4    | Killed Cyqimiab's ghost
131792 | Zot:5    | Entered Level 5 of the Realm of Zot
132563 | Zot:5    | Noticed a Killer Klown
132571 | Zot:5    | Noticed a Killer Klown
132580 | Zot:5    | Killed a Killer Klown
132718 | Zot:5    | Killed a Killer Klown
132737 | Zot:5    | Noticed an orb of fire
132749 | Zot:5    | Killed an orb of fire
132751 | Zot:5    | Noticed a Killer Klown
132930 | Zot:5    | Noticed an orb of fire
132933 | Zot:5    | Got the Orb of Zot
133503 | D:$      | Escaped with the Orb!

Illustrated notes

Levels and vault maps discovered:
D:1:      minmay_arrival_diagonal_passages, layout_basic
D:2:      layout_basic, basic_altar
D:3:      layout_basic
D:4:      layout_loops_ring, lemuel_coloured_pillars_altar, lemuel_doored_altar,
          kennysheep_little_box, general_overflow_altar,
          hangedman_abyss_or_decor_jellyfish_corner
D:5:      minmay_spotlight, layout_loops_corners,
          nicolae_qazlal_general_emergency, mainiacjoe_overflow_alcove_2,
          cheibrodos_sewer_entry_sluice, uniq_duvessa
D:6:      layout_loops_ring, nicolae_overflow_hidden_temple,
          gammafunk_ghost_arena
D:7:      layout_gridville, mainiacjoe_overflow_boulevard, marbit_many_paths,
          minmay_temple_entry_tees, nicolae_zen_rock_garden
D:8:      layout_basic, trog_wizard, mainiacjoe_overflow_concentric_impassable
D:9:      layout_roguey, ploomutoo_gammafunk_ghost_potion_laboratory, uniq_pikel
D:10:     layout_layer_cave, nzn_hepliaklqana_mist_gate,
          minmay_lair_entry_grove, serial_bayou_ford_a
D:11:     layout_basic, minmay_orc_entry_temple_small, minmay_misc_feat_encased,
          hangedman_decor_opposing
D:12:     layout_stronghold, gauntlet_entry_generic
D:13:     dreamdust_cave_troll, layout_loops_ring
D:14:     layout_roguey, ximxim_vaults_locker_room, okawaru_ov_weapons_minmay,
          gammafunk_ghost_abyssal_escape, portal_ice_cave_entry_pillars_2,
          fedhas_ov_isle_minmay
D:15:     grunt_enter_depths_giant_problem, layout_loops_corners
Lair:1:   layout_misc_corridors
Lair:2:   layout_hall_layers, minmay_shoals_entry_beasts, evilmike_ambush
          [evilmike_ambush_outer_corners, evilmike_ambush_inner_basic],
          infiniplex_staircase_pool_2, uniq_gastronok, uniq_sonja, uniq_amaemon
Lair:3:   layout_regular_city, guppyfry_snake_entry_garden, lemuel_fruit_tree
Lair:4:   minmay_lair_oklob_tunnel, layout_regular_city, slime_entry_1,
          gammafunk_ghost_split, serial_bayou_lake_a
Lair:5:   minmay_lair_end_enchanted_forest, layout_gridlike
Shoals:1: layout_shoals, nicolae_specific_store, ldierk_geyser, st_cyclops,
          uniq_nikola, uniq_mlioglotl
Shoals:2: layout_shoals, nicolae_shoals_spring_well_temple
Shoals:3: layout_shoals, hangedman_shoal_volcano
Shoals:4: shoals_end_hangedman, layout_shoals, shoals_ilsuiw_alternative,
          nicolae_shoals_hunting_party, uniq_bai_suzhen, uniq_louise,
          uniq_polyphemus
Snake:1:  layout_layer_cave, basic_altar, drop_trap, grunt_megastairs_1
Snake:2:  layout_onion, nicolae_snake_salamander_zone, uniq_aizul
Snake:3:  layout_basic, serial_shops, shop, hangedman_snake_thin_pillar_pass
Snake:4:  johnstein_snake_rune_scales, layout_cave_town, uniq_saint_roka
Slime:1:  layout_caves
Slime:2:  layout_caves
Slime:3:  layout_caves, amcnicky_altar_lugonu_corruption
Slime:4:  layout_caves
Slime:5
Orc:1:    layout_caves, nicolae_volcano_entry_lava_flow, mines3_lemuel
Orc:2:    kennysheep_orc_mage_school, layout_diamond_mine,
          nicolae_shop_self_help, uniq_urug
Elf:1:    elf_arrival_001, layout_loops_cross, hangedman_elf_disciples,
          grunt_ministairs_7
Elf:2:    nicolae_elf_blades_splatter_lattice
          [nicolae_blade_entry_hurt_lockers], layout_gridlike, minivault_16,
          nicolae_elf_variegated_diamond
Elf:3:    grunt_elf_hall_asides, layout_loops_cross, serial_shops,
          shop_fountains, ebering_ghost_inner_flame, uniq_roxanne
Vaults:1: vaults_mumra_bighexcomb, nicolae_vaults_stairing_the_circle,
          vaults_room_fancy_cross, nicolae_vaults_little_ls,
          nicolae_vaults_little_squares_5, vaults_dpeg_ring,
          ontoclasm_vaults_fault, layout_vaults_chaotic_city, serial_shops, shop
Vaults:2: v_misc_9, nicolae_vaults_ninety_degrees, ontoclasm_vaults_ring_small,
          vaults_mumra_chevron_long, v_misc_13, grunt_vaults_swirl,
          nicolae_vaults_quadrants, hangedman_vaults_restitches,
          grunt_vaults_trifunnel, grunt_vaults_twisty, vaults_room_large_hall,
          vaults_dpeg_hooks, nicolae_vaults_rhombus_6,
          vaults_room_stairs_pillars, layout_vaults_omnibox, serial_shops, shop
Vaults:3: hangedman_vaults_slither, v_misc_4, minmay_crypt_entry_necro_gods,
          grunt_vaults_hallway_short, vaults_room_hangedman_quadrants,
          grunt_vaults_diagonal, nicolae_vaults_three_branches,
          vaults_room_pool, ontoclasm_vaults_chip, layout_vaults_omnigrid,
          serial_shops, nicolae_square_shop, shop, nicolae_shop_stone,
          nicolae_shop_statue_plus, uniq_zenata, uniq_sojobo
Vaults:4: v_alt_pattern_6, v_misc_5, st_greater_box_2,
          nicolae_vaults_hallways_thing, nicolae_vaults_mini_display_case,
          vaults_mumra_chevron, layout_vaults_maze_snakey, uniq_mara
Crypt:1:  layout_rooms, serial_glass, glass_columns_c, glass_columns_a,
          grunt_crypt_arrival_split
Crypt:2:  layout_rooms, st_small_mortuary
Crypt:3:  lightli_unholy_cathedral, layout_chaotic_city,
          nicolae_tomb_entry_unfolded_pyramid_diagonal,
          ebering_ghost_disaster_area
Depths:1: layout_roguey, chequers_serial_rivers_large_a, grunt_mini_vestibule,
          nicolae_trove_entry_free_sample, minivault_14,
          nicolae_shop_i_like_big_books, minmay_misc_feat_hallway,
          grunt_ministairs_15, minmay_shop_mass, tgw_xom
Depths:2: grunt_crosshair, layout_gridlike, hell_entry,
          hangedman_abyss_entry_splay, pan_entry, special_room
          [special_room_morgue], serial_shops, shop_fountains,
          gammafunk_ghost_smash, infiniplex_staircase_pool_lava
Depths:3: minmay_the_grid_4x2 [minmay_the_grid_dragon_a, minmay_the_grid_expand,
          minmay_the_grid_dragon_b, minmay_the_grid_tree,
          minmay_the_grid_broken_lines, minmay_the_grid_mess,
          minmay_the_grid_aliased_spiral, minmay_the_grid_prize_trominoes],
          layout_cave_pools, enter_ziggurat_d, hell_entry,
          abyss_entry_small_statue_room, serial_bayou_shore_a, firewood_loft,
          minmay_shop_grove, serial_bayou_shore_b
Depths:4: grunt_zot_entry_alcove, layout_gridlike, pf_coc_iceberg,
          rand_demon_pan_entry_4, nicolae_eternal_life
Zot:1:    lemuel_draconian_sentries_small, layout_cellular_growth,
          st_single_dragon_hoard_4, uniq_parghit
Zot:2:    layout_twisted_circle
Zot:3:    layout_twisted_circle
Zot:4:    kennysheep_blocky_room, layout_misc_corridors,
          ebering_ghost_rock_garden, st_large_dragon_hoard_1
Zot:5:    layout_misc_corridors, grunt_ministairs_2

Skill      XL: |  1  2  3  4  5  6  7  8  9 10 11 12 13 14 15 16 17 18 19 20 21 22 23 24 |
---------------+-------------------------------------------------------------------------+-----
Dodging        | 3 5 7 11 14 17 20 24 27 | 27.0
Stealth        | 3 4 5 6 8 9 11 18 | 18.0
Unarmed Combat | 1 2 3 6 8 10 12 15 18 21 22 | 22.0
Fighting       | 1 2 3 5 8 9 11 13 14 | 14.0
Ice Magic      | 2 4 8 7 |  8.0
Summonings     | 6 9 10 15 16 17 18 19 | 19.0
Spellcasting   | 3 4 7 10 11 14 16 | 16.0
Hexes          | 5 6 11 18 17 | 18.0
Transmutations | 9 12 18 19 22 | 22.0
Translocations | 12 18 | 18.0

Action                     |  1- 3 |  4- 6 |  7- 9 | 10-12 | 13-15 | 16-18 | 19-21 | 22-24 || total
---------------------------+-------+-------+-------+-------+-------+-------+-------+-------++-------
  Melee: Unarmed           |    17 |    80 |   204 |   471 |   998 |   964 |  1357 |   912 ||  5003
         Bite              |     1 |    13 |    27 |    72 |   150 |   117 |   136 |    95 ||   611
         Punch             |     1 |     2 |     6 |    29 |    84 |   114 |   116 |    94 ||   446
         Tailslap          |       |       |       |       |    25 |   140 |   179 |   115 ||   459
   Cast: Summon Small Mamm |    94 |   106 |    82 |   164 |   112 |    17 |       |       ||   575
         Call Imp          |    18 |    46 |    39 |    95 |    51 |       |       |       ||   249
         Call Canine Famil |       |       |    40 |   114 |   151 |    29 |       |       ||   334
         Summon Guardian G |       |       |    42 |   141 |   171 |    25 |     2 |       ||   381
         Ozocubu's Armour  |       |       |     3 |    28 |    19 |    11 |     2 |       ||    63
         Ensorcelled Hiber |       |       |       |    69 |   104 |    41 |    11 |    13 ||   238
         Blade Hands       |       |       |       |    15 |    27 |       |       |       ||    42
         Passwall          |       |       |       |     2 |    29 |    12 |       |       ||    43
         Summon Mana Viper |       |       |       |       |   118 |    87 |    19 |     5 ||   229
         Inner Flame       |       |       |       |       |    56 |    15 |       |       ||    71
         Dragon Form       |       |       |       |       |    49 |   208 |   159 |   102 ||   518
         Summon Hydra      |       |       |       |       |       |    84 |    45 |    19 ||   148
         Manifold Assault  |       |       |       |       |       |   102 |   443 |   339 ||   884
         Blink             |       |       |       |       |       |     8 |     8 |     1 ||    17
         Dispersal         |       |       |       |       |       |       |     1 |     3 ||     4
         Yara's Violent Un |       |       |       |       |       |       |       |     4 ||     4
 Invoke: Call Merchant     |       |       |       |     1 |     1 |     2 |     2 |       ||     6
         Potion Petition   |       |       |       |       |     2 |     4 |     1 |     5 ||    12
         Bribe Branch      |       |       |       |       |       |       |       |     2 ||     2
Ability: Breathe Fire      |       |       |       |       |     3 |    40 |    71 |    16 ||   130
         End Transformatio |       |       |       |       |       |       |     3 |       ||     3
  Evoke: Wand              |       |       |       |    20 |     7 |     6 |     2 |     7 ||    42
         Phial of floods   |       |       |       |     2 |     1 |     1 |       |       ||     4
         Box of beasts     |       |       |       |       |     1 |     1 |     1 |     1 ||     4
         Lightning rod     |       |       |       |       |       |     6 |       |       ||     6
         Condenser vane    |       |       |       |       |       |     2 |     1 |     2 ||     5
         Tin of tremorston |       |       |       |       |       |     2 |       |       ||     2
         Phantom mirror    |       |       |       |       |       |     1 |       |       ||     1
    Use: Scroll            |       |     6 |     1 |    13 |    16 |    19 |     6 |     2 ||    63
         Potion            |       |     2 |       |    11 |     8 |     7 |     2 |     5 ||    35
   Stab: Sleeping          |     7 |     3 |    10 |    27 |    85 |    33 |    23 |    26 ||   214
         Distracted        |       |     2 |     1 |    16 |    43 |    16 |    17 |     6 ||   101
         Paralysed         |       |       |       |     5 |       |       |       |       ||     5
         Invisible         |       |       |       |       |       |    10 |       |     3 ||    13
         Confused          |       |       |       |       |       |       |     1 |       ||     1
 Armour: Skin              |       |     1 |     7 |    27 |    41 |   163 |   122 |    61 ||   422
  Dodge: Dodged            |    18 |    63 |   184 |   544 |   858 |   648 |   528 |   385 ||  3228
  Block: Other             |       |       |       |       |   191 |   142 |       |       ||   333
         Reflection        |       |       |       |       |    20 |    40 |       |       ||    60

Table legend: (Time is in decaauts)
 A = Elapsed time spent in this place.
 B = Non-inter-level travel time spent in this place.
 C = Inter-level travel time spent in this place.
 D = Time resting spent in this place.
 E = Time spent auto-exploring this place.
 F = Levels seen in this place.
 G = Mean time per level.
                   A        B        C        D        E       F      G
               +--------+--------+--------+--------+--------+-----+--------+
         Total | 122220 | 114007 |   8213 |  31392 |  48396 |  58 | 2107.2 |
       Dungeon |  28488 |  25406 |   3082 |   5459 |  11014 |  15 | 1899.2 |
          Lair |  10564 |   9550 |   1014 |   2197 |   4320 |   5 | 2112.8 |
        Shoals |   8539 |   7929 |    610 |   2044 |   3096 |   4 | 2134.8 |
     Snake Pit |  11548 |  11001 |    547 |   3156 |   4609 |   4 | 2887.0 |
    Slime Pits |   7282 |   6876 |    406 |   3504 |   1507 |   5 | 1456.4 |
  Orcish Mines |   6228 |   5498 |    730 |   1960 |   1113 |   2 | 3114.0 |
   Elven Halls |   9530 |   8967 |    563 |   2721 |   3543 |   3 | 3176.7 |
        Vaults |  11624 |  11330 |    294 |   2371 |   6510 |   4 | 2906.0 |
         Crypt |   6447 |   6215 |    232 |   1760 |   2990 |   3 | 2149.0 |
        Depths |  10429 |  10035 |    394 |   3111 |   5203 |   4 | 2607.2 |
           Zot |   7238 |   6904 |    334 |   1587 |   3783 |   5 | 1447.6 |
         Sewer |   1079 |   1079 |      0 |    113 |    226 |   1 | 1079.0 |
      Ice Cave |   1943 |   1943 |      0 |    965 |    227 |   1 | 1943.0 |
       Volcano |    593 |    593 |      0 |    341 |      0 |   1 |  593.0 |
      Gauntlet |    681 |    681 |      0 |     97 |    249 |   1 |  681.0 |
               +--------+--------+--------+--------+--------+-----+--------+

Top non-repeatable levels by time:
   Orc:2: 4635 daAuts
Depths:2: 4190 daAuts
   Elf:2: 3841 daAuts
Vaults:3: 3641 daAuts
 Snake:3: 3618 daAuts
   Elf:3: 3207 daAuts
 Crypt:3: 3139 daAuts
    D:10: 3079 daAuts
Vaults:2: 2982 daAuts
Shoals:4: 2959 daAuts
 Snake:4: 2947 daAuts
     D:9: 2885 daAuts
Vaults:1: 2797 daAuts
Depths:3: 2725 daAuts
    D:11: 2665 daAuts
